AoeStats
← ithinkliberally

Northern Isles

510712367Analyzed
1v1 RM · 19h ago on Oct 2, 2026· 33m 38s· 2 players
Game mode
Random Map
Map size
Tiny (2 player)
Population
200
Speed
Normal
Resources
Standard
Victory
Conquest
Starting age
Dark Age
Ending age
Imperial Age
RankedLock teamsTeams togetherTeam positionsShared explorationLock speedFull tech treeHidden civsTurbo modeCheats
Victory
Defeat
🇦🇷 Byzantines · Argentina
580
+15
🇮🇳 Malians · India
549
-15
ithinkliberally
0:34 Loom
11:36 Feudal Age
14:52 Double-Bit Axe
16:37 Horse Collar
18:35 Fishing Lines
18:51 Gold Mining
24:20 Castle Age
23:17 Fletching
23:28 Padded Archer Armor
23:31 Scale Mail Armor
23:42 Forging
24:26 Crossbowman
25:19 Bow Saw
25:39 Heavy Plow
26:49 Gillnets
28:21 Gold Shaft Mining
27:37 Stone Mining
28:55 Bodkin Arrow
29:00 Arson
30:16 Man-at-Arms
31:38 Wheelbarrow
31:35 Medium Warships
31:52 Pikeman
33:17 Long Swordsman
gerardosaa32
9:14 Loom
13:09 Feudal Age
15:07 Wheelbarrow
16:42 Double-Bit Axe
17:05 Gold Mining
17:50 Horse Collar
20:15 Castle Age
18:19 Fishing Lines
19:08 Stone Mining
22:15 Bow Saw
23:48 Heavy Plow
33:18 Husbandry
Connection lost

Rejoining the realm…

Still unreachable

The connection could not be restored.

Session expired

The server has moved on; the page needs a fresh start.